 Dungeon Crawl Stone Soup version 0.22-a0-280-g69bf1f3 (webtiles) character file.

30870 neds the Brawler (level 13, -9/122 HPs)
             Began as a Troll Hunter on Mar 15, 2018.
             Was the Champion of Elyvilon.
             Mangled by a freezing wraith (14 damage)
             ... in an ice cave on Mar 16, 2018.
             The game lasted 02:11:45 (18930 turns).

neds the Brawler (Troll Hunter)                    Turns: 18930, Time: 02:11:46

Health: -9/122     AC:  6    Str: 23    XL:     13   Next: 22%
Magic:  15/19      EV: 13    Int:  7    God:    Elyvilon [******]
Gold:   967        SH:  3    Dex: 18    Spells: 11/12 levels left

rFire    . . .     SeeInvis +     - Unarmed
rCold    . . .     Gourm    +   (no shield)
rNeg     . . .     Faith    .   b - +0 robe
rPois    .         Spirit   .   (helmet restricted)
rElec    +         Reflect  +   Q - +0 cloak
rCorr    .         Harm     .   (gloves unavailable)
MR       .....                  (boots unavailable)
Stlth    ++........             F - amulet "Dezom" {Reflect +Inv rElec MR- SH+3 SInv}
HPRegen  0.70/turn              m - ring of protection from magic
MPRegen  0.16/turn              O - +4 ring of dexterity

@: slowed, very slow
A: large, unfitting armour, claws 3, fast metabolism 3, gourmand, regeneration
1, shaggy fur 1, tough skin 2
a: Lesser Healing, Heal Other, Purification, Greater Healing, Divine Vigour,
Divine Protection, Renounce Religion, Evoke Invisibility


You were in an ice cave.
You worshipped Elyvilon.
Elyvilon was exalted by your worship.
You were not hungry.

You visited 2 branches of the dungeon, and saw 16 of its levels.
You also visited: Ice Cave.

You collected 967 gold pieces.

Inventory:

Hand Weapons
 c - a +0 blowgun
 S - the +2 morningstar "Qoighizo" {venom, +Fly Int+5 Dex-2}
   (You found it on level 9 of the Dungeon)

   It poisons the flesh of those it strikes.
   It affects your intelligence (+5).
   It affects your dexterity (-2).
   It lets you fly.
Missiles
 d - 3 throwing nets
 I - 58 poisoned needles
 J - 11 large rocks (quivered)
Armour
 b - a +0 robe (worn)
 Q - a +0 cloak (worn)
Jewellery
 e - an uncursed ring of ice
 i - an uncursed ring of flight
 m - a ring of protection from magic (left claw)
 q - an uncursed ring of fire
 v - an uncursed ring of wizardry
 F - the amulet "Dezom" (around neck) {Reflect +Inv rElec MR- SH+3 SInv}
   (You found it on level 8 of the Dungeon)

   [amulet of reflection]

   It shields you and reflects attacks.
   It insulates you from electricity.
   It affects your resistance to hostile enchantments.
   It lets you see invisible.
   It lets you turn invisible.
   It affects your SH (+3).
 O - a +4 ring of dexterity (right claw)
 T - an uncursed ring of resist corrosion
Wands
 w - a wand of flame (14)
 z - a wand of acid (7)
 H - a wand of enslavement (11)
 M - a wand of paralysis (47)
 U - a wand of iceblast (7)
Scrolls
 j - 6 scrolls of teleportation
 n - 2 scrolls of fog {unknown}
 o - 3 scrolls of immolation {unknown}
 p - 3 scrolls of blinking {unknown}
 r - 5 scrolls of magic mapping
 s - 5 scrolls of fear {unknown}
 t - 5 scrolls of enchant weapon
 u - 3 scrolls of remove curse
 y - 2 scrolls of enchant armour {unknown}
 B - 2 scrolls of amnesia {unknown}
 C - 4 scrolls of random uselessness {unknown}
 E - 3 scrolls of vulnerability {unknown}
 G - a scroll of brand weapon {unknown}
 P - 7 scrolls of identify
 W - a scroll of noise {unknown}
Potions
 a - a potion of cancellation {unknown}
 g - 11 potions of curing
 h - 2 potions of berserk rage
 k - 4 potions of flight
 x - 4 potions of invisibility
 D - 9 potions of degeneration
 K - a potion of agility {unknown}
 L - 2 potions of mutation {unknown}
 R - a potion of brilliance {unknown}
 X - a potion of might
Miscellaneous
 A - a lightning rod (4/4)
 N - a fan of gales
Comestibles
 f - 35 rations


   Skills:
 + Level 6.4 Fighting
 - Level 5.0 Throwing
 - Level 3.4 Armour
 - Level 5.6 Dodging
 - Level 0.3 Stealth
 + Level 15.5 Unarmed Combat
 + Level 10.2 Invocations


You had 11 spell levels left.
You knew the following spells:

 Your Spells              Type           Power        Failure   Level  Hunger
a - Summon Small Mammal   Summ           #...         43%         1    ##.....


Dungeon Overview and Level Annotations

Branches:
Dungeon (12/15)            Temple (0/1) D:5            Lair (4/6) D:9
 Shoals (0/4) Lair:2       Spider (0/4) Lair:3          Orc (0/2) D:11

Altars:
Ashenzari
Elyvilon
Gozag
Kikubaaqudgha
Makhleb
Okawaru
Qazlal
Ru
Sif Muna
Vehumet
Yredelemnul
Zin
The Shining One

Shops:
D:11 *

Annotations:
D:4 2 transporters
Lair:4 Urug


Innate Abilities, Weirdness & Mutations

You are too large for most types of armour.
You have claws for hands.
Your metabolism is lightning-fast.
You like to eat raw meat.
Your natural rate of healing is unusually fast.
You are covered in fur. (AC +1)
You have very tough skin. (AC +2)


Message History

The freezing wraith is heavily damaged.
The freezing wraith hits you!
* * * LOW HITPOINT WARNING * * *
The freezing wraith freezes you!
* * * LOW HITPOINT WARNING * * *
The freezing wraith closely misses you. The freezing wraith hits you.
* * * LOW HITPOINT WARNING * * *
The freezing wraith freezes you!
* * * LOW HITPOINT WARNING * * *
The freezing wraith hits you but does no damage.
Okay, then.
You are healed.
You feel quite a bit more hungry. The freezing wraith barely misses you.
The freezing wraith hits you!
* * * LOW HITPOINT WARNING * * *
The freezing wraith drains your vigour!
You feel as though you will be slow longer.
The freezing wraith hits you!
* * * LOW HITPOINT WARNING * * *
The freezing wraith freezes you!
You die...

#...# #...#
#...## #...#
#..## ######..#
##...###W##
##....W##..#
#...#@W.#..#
#..####....#
##..# ##...#
##..## ##.##
##...# ###
##....## ####
#......#
###..####.....##
##....##.......#


You could see 2 freezing wraiths.

Vanquished Creatures
  Harold (D:10)
  3 two-headed ogres
  A queen ant (Lair:2)
  2 cyclopes (D:11)
  A black mamba (Lair:1)
  A merfolk siren (Lair:2)
  Joseph (D:8)
  A centaur zombie (D:10)
  2 centaur skeletons
  8 spiny frogs
  3 rime drakes
  9 komodo dragons
  A jumping spider (Lair:3)
  A queen bee (Lair:2)
  5 polar bears
  Grinder (D:5)
  5 blink frogs
  7 hippogriffs
  2 redbacks (Lair:3)
  A spriggan (D:7)
  15 yaks
  4 basilisks
  5 wyverns
  Eustachio (D:5)
  A steam dragon (D:10)
  2 vampire mosquitoes (D:11)
  2 insubstantial wisps (D:10)
  7 soldier ants
  7 water moccasins
  6 porcupines
  A black bear (D:6)
  2 phantoms
  4 sky beasts
  5 orc warriors
  6 ice beasts
  A swamp drake (D:11)
  An eye of draining (D:8)
  6 ogres
  6 centaurs
  7 wolves
  5 crocodiles
  A big kobold (D:7)
  11 bullfrogs
  3 scorpions
  A water moccasin skeleton (D:10)
  A wyvern skeleton (D:11)
  44 killer bees
  3 wights (D:8)
  A howler monkey (D:9)
  2 electric eels
  6 crimson imps
  A bullfrog zombie (D:11)
  2 quasits
  3 jellies
  6 hounds
  A bullfrog skeleton (D:11)
  7 orc priests
  Crazy Yiuf (D:3)
  6 orc wizards
  4 iguanas
  5 hell rats
  A polar bear simulacrum (IceCv)
  34 worker ants
  3 wolf simulacra (IceCv)
  2 hound zombies
  A hound skeleton (D:6)
  A worker ant zombie (D:11)
  5 adders
  4 gnolls (D:5)
  5 white imps (IceCv)
  An ooze (D:2)
  2 dart slugs
  3 leopard geckos
  36 orcs
  2 ball pythons (D:2)
  7 giant cockroaches
  8 hobgoblins
  4 jackals (D:8)
  4 quokkas
  3 bats
  4 frilled lizards
  10 goblins
  9 kobolds
  8 rats
  6 fungi
422 creatures vanquished.

Vanquished Creatures (others)
  An orc (D:4)
  A bush (Lair:2)
  7 fungi
  3 plants
12 creatures vanquished.

Grand Total: 434 creatures vanquished

Notes
Turn   | Place    | Note
-------+----------+-------------------------------------------
     0 | D:1      | neds the Troll Hunter began the quest for the Orb.
     0 | D:1      | Reached XP level 1. HP: 19/19 MP: 0/0
    86 | D:1      | Reached skill level 1 in Unarmed Combat
   129 | D:1      | Reached XP level 2. HP: 24/27 MP: 1/1
   661 | D:2      | Reached XP level 3. HP: 33/33 MP: 2/2
   736 | D:2      | Reached skill level 2 in Unarmed Combat
   745 | D:2      | Found a white marble altar of Elyvilon.
   773 | D:2      | Became a worshipper of Elyvilon the Healer
  1012 | D:2      | Reached XP level 4. HP: 36/41 MP: 3/3
  1143 | D:3      | Found a burning altar of Makhleb.
  1143 | D:3      | Found a glowing silver altar of Zin.
  1144 | D:3      | Noticed an angel
  1144 | D:3      | Noticed a cacodemon
  1268 | D:3      | Found a sacrificial altar of Ru.
  1397 | D:3      | Reached * piety under Elyvilon
  1412 | D:3      | Found a stormy altar of Qazlal.
  1733 | D:3      | Found a runed door.
  1737 | D:3      | Noticed Crazy Yiuf
  1744 | D:3      | Killed Crazy Yiuf
  1879 | D:4      | Found a transporter.
  1883 | D:4      | Noticed a fire bat
  1884 | D:4      | Noticed a fire bat
  1958 | D:4      | Reached skill level 3 in Unarmed Combat
  2010 | D:4      | Reached XP level 5. HP: 48/48 MP: 4/4
  2109 | D:4      | Found Ranwiuco's Armour Boutique.
  2187 | D:4      | Reached skill level 5 in Throwing
  2219 | D:4      | Found a transporter.
  2221 | D:4      | Reached ** piety under Elyvilon
  2310 | D:5      | Entered Level 5 of the Dungeon
  2339 | D:5      | Reached skill level 4 in Unarmed Combat
  2361 | D:5      | Reached XP level 6. HP: 24/55 MP: 5/5
  2523 | D:5      | Noticed Grinder
  2535 | D:5      | Killed Grinder
  2535 | D:5      | Reached skill level 6 in Unarmed Combat
  2566 | D:5      | Found a staircase to the Ecumenical Temple.
  2662 | D:5      | Noticed Eustachio
  2695 | D:4      | Reached XP level 7. HP: 61/62 MP: 6/6
  2845 | D:5      | Found an ancient bone altar of Kikubaaqudgha.
  2849 | D:5      | Found a deep blue altar of Sif Muna.
  2851 | D:5      | Found a radiant altar of Vehumet.
  2855 | D:5      | Identified Sif Muna's Guide on the Entourage
  2862 | D:5      | Learned a level 1 spell: Summon Small Mammal
  2936 | D:5      | Reached skill level 7 in Unarmed Combat
  3149 | D:5      | Killed Eustachio
  3398 | D:6      | Reached skill level 8 in Unarmed Combat
  3441 | D:6      | Reached *** piety under Elyvilon
  3529 | D:6      | Reached XP level 8. HP: 69/70 MP: 7/7
  3891 | D:6      | Reached skill level 9 in Unarmed Combat
  4039 | D:7      | Found an iron altar of Okawaru.
  4230 | D:7      | Reached skill level 10 in Unarmed Combat
  4297 | D:7      | Found a white marble altar of Elyvilon.
  4409 | D:7      | Found a basalt altar of Yredelemnul.
  4599 | D:7      | Noticed a hippogriff
  4604 | D:7      | Killed a hippogriff
  4604 | D:7      | Reached skill level 11 in Unarmed Combat
  4604 | D:7      | Reached XP level 9. HP: 69/76 MP: 8/8
  5266 | D:8      | Found a transporter.
  5266 | D:8      | Reached **** piety under Elyvilon
  5272 | D:8      | Got a translucent brass amulet
  5285 | D:8      | Found a shattered altar of Ashenzari.
  5391 | D:8      | Reached skill level 12 in Unarmed Combat
  5391 | D:8      | Reached skill level 1 in Invocations
  5694 | D:8      | Identified the amulet "Dezom" {Reflect +Inv rElec MR- SH+3 SInv} (You found it on level 8 of the Dungeon)
  5792 | D:8      | Noticed a two-headed ogre
  5834 | D:8      | Killed a two-headed ogre
  6013 | D:8      | Reached XP level 10. HP: 56/85 MP: 12/12
  6098 | D:8      | Noticed Joseph
  6259 | D:8      | Found a transporter.
  6401 | D:8      | Got a smoking steel amulet
  6586 | D:8      | Identified the amulet of Fipupacw {Gourm rC+} (You found it on level 8 of the Dungeon)
  6623 | D:9      | Reached ***** piety under Elyvilon
  6786 | D:9      | Found a glowing golden altar of the Shining One.
  6843 | D:9      | Reached skill level 1 in Armour
  6893 | D:9      | Got a jewelled morningstar
  6894 | D:9      | Identified the cursed +2 morningstar "Qoighizo" {venom, +Fly Int+5 Dex-2} (You found it on level 9 of the Dungeon)
  6941 | D:9      | Found a staircase to the Lair.
  6990 | D:9      | HP: 1/85 [killer bee (7)]
  7253 | D:9      | Reached skill level 5 in Invocations
  7555 | D:8      | Killed Joseph
  7555 | D:8      | Reached skill level 13 in Unarmed Combat
  7732 | D:8      | Found an opulent altar of Gozag.
  7749 | Lair:1   | Entered Level 1 of the Lair of Beasts
  7974 | Lair:1   | Noticed a spiny frog
  7981 | Lair:1   | Killed a spiny frog
  8086 | Lair:1   | Noticed a black mamba
  8092 | Lair:1   | HP: 3/85 [black mamba (16)]
  8094 | Lair:1   | Killed a black mamba
  8097 | Lair:1   | HP: 2/85 [bullfrog (6)]
  8340 | Lair:1   | Reached XP level 11. HP: 35/92 MP: 14/14
  9834 | Lair:2   | Reached skill level 5 in Dodging
 10042 | Lair:2   | Found a staircase to the Shoals.
 10385 | Lair:2   | Reached skill level 14 in Unarmed Combat
 11617 | Lair:2   | Reached XP level 12. HP: 42/104 MP: 17/17
 12931 | Lair:2   | Noticed a queen ant
 12985 | Lair:2   | Killed a queen ant
 13679 | Lair:3   | Noticed a four-headed hydra
 14473 | Lair:3   | Found a hole to the Spider Nest.
 14849 | Lair:4   | Noticed an eight-headed hydra
 15605 | Lair:4   | Reached skill level 5 in Fighting
 15700 | Lair:4   | Reached skill level 15 in Unarmed Combat
 15711 | Lair:4   | Noticed Urug
 15715 | Lair:4   | Upgraded the game from 0.22-a0-278-g8f80174 to 0.22-a0-280-g69bf1f3
 15810 | Lair:4   | Reached ****** piety under Elyvilon
 16007 | D:10     | Entered Level 10 of the Dungeon
 16535 | D:10     | Noticed Harold
 16550 | D:10     | Killed Harold
 16794 | D:11     | Noticed a two-headed ogre
 16804 | D:11     | Killed a two-headed ogre
 16966 | D:11     | Reached XP level 13. HP: 107/120 MP: 19/19
 17164 | D:11     | Found Mubeydi's Assorted Antiques.
 17428 | D:11     | Reached skill level 10 in Invocations
 17511 | D:11     | Found a staircase to the Orcish Mines.
 18695 | D:12     | Found a frozen archway.
 18704 | IceCv    | Entered an ice cave
 18929 | IceCv    | HP: 3/122 [freezing wraith (8)]
 18930 | IceCv    | Mangled by a freezing wraith

Vault maps used:
D:1:      dpeg_arrival_signposts
D:2:      minivault_19, grunt_decor_cap, elyvilon_altar_4
D:3:      grunt_temple_overflow_order_and_chaos_2,
          nicolae_overflow_crystal_walls, nicolae_ru_great_annihilating_truth,
          uniq_crazy_yiuf_cottage
D:4:      gammafunk_cloud_chamber, first_ration, serial_shops,
          kennysheep_mini_moat
D:5:      grunt_temple_overflow_magic_moments, temple_hall, st_stairs_12,
          kennysheep_nondescript, minmay_misc_feat_pillars, uniq_grinder,
          uniq_eustachio
D:6:      kennysheep_six_static_rooms
D:7:      kennysheep_ying_yang, okawaru_trees_1, the_bakery
D:8:      gammafunk_the_bubble, nicolae_overflow_hidden_temple,
          lemuel_crystal_altar, uniq_joseph
D:9:      tso_metal_star, lair_entry_dummy
D:10:     hangedman_misty_isle, uniq_harold
D:11:     erik_orc_1, serial_shops, shop
D:12:     portal_ice_cave_entry_pillars_2, uniq_kirke, uniq_frances
Lair:1:   beast_lair_carwin_4
Lair:2:   regret_index_bee_streams, elwin_shoals_entry_rooms, zaba_antful_of_joy
Lair:3:   spider_nest_entry_a, cheibrodos_lair_lostbears, grunt_megastairs_4
Lair:4:   beast_lair_carwin_3, grunt_megastairs_2, uniq_urug
IceCv:    ice_cave_small_necro

Skill      XL: |  1  2  3  4  5  6  7  8  9 10 11 12 13 |
---------------+----------------------------------------+-----
Unarmed Combat | 1 2 3 4 6 8 11 12 13 14 15 | 15.5
Throwing       | 4 5 |  5.0
Invocations    | 4 6 8 9 10 | 10.2
Dodging        | 3 5 |  5.6
Armour         | 3 |  3.4
Fighting       | 2 5 6 |  6.4
Stealth        | |  0.3

Action                   |  1- 3 |  4- 6 |  7- 9 | 10-12 | 13-15 || total
-------------------------+-------+-------+-------+-------+-------++-------
Melee: Unarmed           |    99 |   115 |   217 |   728 |   186 ||  1345
       Punch             |     1 |     1 |     6 |    59 |    18 ||    85
       Morningstar       |       |       |       |    47 |     2 ||    49
Throw: Large rock        |       |     6 |    16 |    71 |    10 ||   103
       Throwing net      |       |       |     1 |     2 |       ||     3
Invok: Greater Healing   |       |       |       |     5 |     3 ||     8
       Purification      |       |       |       |     7 |       ||     7
  Use: Scroll            |       |       |     8 |     6 |     1 ||    15
       Potion            |       |       |     1 |     4 |     1 ||     6
 Stab: Paralysed         |       |     1 |       |       |       ||     1
       Sleeping          |       |       |     1 |     2 |       ||     3
       Distracted        |       |       |       |     1 |       ||     1
  Eat: Chunk             |    14 |    16 |    29 |    95 |    18 ||   172
       Ration            |       |       |       |     2 |       ||     2
Armor: Robe              |    42 |    53 |    37 |    95 |    35 ||   262
       Skin              |       |       |    10 |       |       ||    10
Dodge: Dodged            |    34 |    46 |    97 |   390 |   110 ||   677
Block: Other             |       |       |     2 |    68 |    16 ||    86

Table legend:
 A = Spawn XP
 B = Non-spawn XP
 C = Spawn XP percentage of total XP
 D = Spawn monster count
 E = Non-spawn monster count
 F = Spawn count percentage of total count
 G = Total turns spent on level
                    A         B        C        D         E        F      G
               +---------+---------+-------+---------+---------+-------+---------
         Total |       0 |   44100 |   0.0 |       0 |     416 |   0.0 | 18930
               +---------+---------+-------+---------+---------+-------+---------
           D:1 |       0 |      37 |   0.0 |       0 |      24 |   0.0 |   654
           D:2 |       0 |      62 |   0.0 |       0 |      20 |   0.0 |   478
           D:3 |       0 |      54 |   0.0 |       0 |       9 |   0.0 |   663
           D:4 |       0 |     162 |   0.0 |       0 |      11 |   0.0 |   554
           D:5 |       0 |     948 |   0.0 |       0 |      16 |   0.0 |  1059
           D:6 |       0 |     993 |   0.0 |       0 |      16 |   0.0 |   870
           D:7 |       0 |    1502 |   0.0 |       0 |      23 |   0.0 |   988
           D:8 |       0 |    2875 |   0.0 |       0 |      28 |   0.0 |  1519
           D:9 |       0 |    1236 |   0.0 |       0 |      19 |   0.0 |   995
          D:10 |       0 |    3486 |   0.0 |       0 |      23 |   0.0 |   843
          D:11 |       0 |    6469 |   0.0 |       0 |      53 |   0.0 |  1770
          D:12 |       0 |     217 |   0.0 |       0 |       5 |   0.0 |    84
        Lair:1 |       0 |    5346 |   0.0 |       0 |      19 |   0.0 |  1483
        Lair:2 |       0 |   13087 |   0.0 |       0 |      99 |   0.0 |  4587
        Lair:3 |       0 |    4688 |   0.0 |       0 |      25 |   0.0 |  1335
        Lair:4 |       0 |    2113 |   0.0 |       0 |      12 |   0.0 |   822
         IceCv |       0 |     825 |   0.0 |       0 |      14 |   0.0 |   226
               +---------+---------+-------+---------+---------+-------+---------
